[Event "*** SCC Grand Prix: Titled Tuesday Blitz"]
[Site "Chess.com"]
[Date "2020.06.09"]
[Round "4"]
[White "ChessWarrior7197"]
[Black "praveenb2002"]
[Result "1/2-1/2"]
[WhiteElo "2938"]
[BlackElo "2762"]
[TimeControl "180+1"]
[EndTime "9:41:20 PDT"]
[Termination "Game drawn by stalemate"]

1. e4 c6 2. d4 d5 3. e5 Bf5 4. Nf3 e6 5. Be2 c5 6. Be3 cxd4 7. Nxd4 Ne7 8. O-O Nbc6 9. Bb5 a6 10. Bxc6+ bxc6 11. c4 dxc4 12. Nxf5 Qxd1 13. Rxd1 Nxf5 14. Nd2 Nxe3 15. fxe3 c3 16. bxc3 O-O-O 17. Ne4 Rd5 18. Rxd5 cxd5 19. Ng5 Bc5 20. Re1 h6 21. Nf3 Kc7 22.
Nd4 Kd7 23. Rf1 Rf8 24. g3 f6 25. exf6 Rxf6 26. Rxf6 gxf6 27. Kg2 e5 28. Nf5 Ke6 29. g4 Bf8 30. Kf3 h5 31. h4 hxg4+ 32. Kxg4 Kf7 33. h5 Ba3 34. Kf3 Bb2 35. h6 Kg6 36. Ne7+ Kxh6 37. Nxd5 f5 38. c4 Ba3 39. Nc7 a5 40. Na6 Kg6 41. c5 Kf6 42. c6 Ke6 43. Nc7+ Ke7 44. Nb5 Bc5 45. e4 f4 46. Kg4 Bb6 47. a4 Bc5 48. Kf3 Bb6 49. Na3 Kd6 50. Nc4+ Kxc6 51. Nxe5+ Kc7 52. Kxf4 Bc5 53. Nc4 Bb4 54. e5 Kc6 55.
Ke4 Kc5 56. Nd6 Kc6 57. Nf5 Bf8 58. Kd4 Bc5+ 59. Kc4 Bb4 60. e6 Ba3 61. Nd4+ Kb6 62. Nb5 Bb4 63. Kd5 Be7 64. Nd6 Kc7 65. Nf5 Bb4 66. Kc4 Kc6 67. Nd4+ Kd6 68. Kb5 Bc3 69. Ne2 Bb4 70. Nf4 Bd2 71. Nd3 Kxe6 72. Nc5+ Kd5 73.
Nb3 Bc3 74. Nxa5 Bxa5 75. Kxa5 Kc5 76. Ka6 Kc6 77. a5 Kc7 78. Ka7 Kc8 79. Kb6 Kb8 80. a6 Ka8 81. a7 1/2-1/2

[Event "*** SCC Grand Prix: Titled Tuesday Blitz"]
[Site "Chess.com"]
[Date "2020.06.09"]
[Round "4"]
[White "vugarrasulov"]
[Black "NIGWAPO"]
[Result "1-0"]
[WhiteElo "2798"]
[BlackElo "2550"]
[TimeControl "180+1"]
[EndTime "9:41:23 PDT"]
[Termination "vugarrasulov won on time"]

1. d4 Nf6 2. c4 c5 3. d5 e6 4. Nc3 exd5 5. cxd5 d6 6. Nf3 g6 7. Nd2 Bg7 8. e4 O-O 9. Be2 Re8 10. O-O Nbd7 11. Qc2 a6 12. a4 Qc7 13. Nc4 Ne5 14. Nxe5 Rxe5 15. Bf4 Re7 16. a5 Nd7 17. Rfe1 Ne5 18.
Bg3 c4 19. f4 Ng4 20. Bxg4 Bxg4 21. Qd2 Rae8 22. e5 dxe5 23. d6 Qd7 24. Nd5 Qxd6 25. Nxe7+ Qxe7 26. fxe5 h5 27. h3 Bf5 28. Rad1 Qc5+ 29.
Bf2 Qb5 30. Bd4 Rd8 31. Qc3 Be6 32. Rd2 Rd5 33. Red1 Qxa5 34. Qxc4 Bxe5 35. Qc3 Bxd4+ 36. Rxd4 Qxc3 37. bxc3 Rc5 38. Rc1 b5 39. Ra1 Rxc3 40.
Rxa6 Rc2 41. Rb6 Bc4 42. Rf4 Kg7 43. Kh2 Bd5 44. Kg1 Rxg2+ 45. Kf1 Rb2 46. h4 Rb3 47. Ke2 Bc4+ 48. Kf2 Rd3 49. Rb7 Rd6 50.
Ke3 Re6+ 51. Kd2 Rf6 52. Ke3 Rxf4 53. Kxf4 Kf6 54. Rb6+ Ke7 55. Ke5 Kd7 56. Kd4 Kc7 57. Kc5 Kd7 58. Kd4 Ke7 59. Ke5 Bd3 60. Rb7+ Ke8 61.
Rb8+ Ke7 62. Rb7+ Ke8 63. Kd6 Kf8 64. Rb8+ Kg7 65. Ke5 Bc4 66. Rb7 Kh6 67. Kf6 Kh7 68. Rb8 Bd5 69. Rxb5 Be6 70. Rb8 Bd5 71. Ke5 Be6 72.
Kf6 Bd5 73. Rd8 Be6 74. Ke7 Kg7 75. Rd2 Kh7 76. Kf8 Kh6 77. Rg2 f5 78. Ke7 Bd5 79. Rd2 Be4 80. Kf6 f4 81. Rd4 1-0

[Event "*** SCC Grand Prix: Titled Tuesday Blitz"]
[Site "Chess.com"]
[Date "2020.06.09"]
[Round "4"]
[White "Mazetovic"]
[Black "eCztery"]
[Result "1-0"]
[WhiteElo "2630"]
[BlackElo "2411"]
[TimeControl "180+1"]
[EndTime "9:41:24 PDT"]
[Termination "Mazetovic won by checkmate"]

1. e4 c5 2. Nf3 Nc6 3. Bb5 g6 4. O-O Bg7 5. Re1 e5 6. Bxc6 dxc6 7. d3 Ne7 8. a3 O-O 9. b4 cxb4 10. axb4 a6 11. Bb2 Qc7 12. Nbd2 h6 13. Nc4 Bg4 14. h3 Bxf3 15. Qxf3 Rae8 16. Qg3 Nc8 17. Ra5 b5 18. Nd2 c5 19. Rxa6 cxb4 20. Rc1 h5 21. Nf1 Nb6 22.
Raa1 Na4 23. Rab1 Kh7 24. Ne3 Rc8 25. Nd5 Qd6 26. Ba1 Bh6 27. Bxe5 h4 28. Qh2 Qe6 29. Nf6+ Kg7 30. f4 Nc3 31. Ng4+ Kh7 32. Bxc3 Rxc3 33.
Nxh6 Kxh6 34. f5 Qb6+ 35. Kh1 Rfc8 36. Qf4+ Kg7 37. fxg6 fxg6 38. Rf1 Qe6 39. Rxb4 Rxc2 40. Rxb5 R2c7 41. Qe5+ Qxe5 42. Rxe5 Rd7 43. Rf4 Rc1+ 44. Kh2 Rd1 45. Rxh4 R7xd3 46. Rg4 Rd6 47. Reg5 Re1 48. Ra5 Re6 49. Ra7+ Kh6 50. Ra4 g5 51. Ra5 R6xe4 52.
Raxg5 Re6 53. Rg8 Kh7 54. R4g7+ Kh6 55. Rg3 Kh7 56. R8g4 Rd1 57. Rh4+ Rh6 58. Rxh6+ Kxh6 59.
Ra3 Kh5 60. Ra5+ Kg6 61. h4 Rd3 62. g3 Kh6 63. Kh3 Rd4 64. Ra6+ Kg7 65. h5 Rc4 66. g4 Rc1 67. Kh4 Rh1+ 68. Kg5 Rc1 69. Ra7+ Kh8 70. h6 Rc6 71. Kh5 Rd6 72. g5 Rd1 73. g6 Rh1+ 74.
Kg5 Rg1+ 75. Kf6 Rf1+ 76. Ke7 Re1+ 77. Kd8 Rd1+ 78. Ke8 Re1+ 79. Re7 Rf1 80. Rf7 Re1+ 81. Kf8 Ra1 82. g7+ Kh7 83. g8=Q+ Kxh6 84. Rh7# 1-0

[Event "*** SCC Grand Prix: Titled Tuesday Blitz"]
[Site "Chess.com"]
[Date "2020.06.09"]
[Round "4"]
[White "XDPS"]
[Black "RitvarsReimanis"]
[Result "1-0"]
[WhiteElo "2693"]
[BlackElo "2485"]
[TimeControl "180+1"]
[EndTime "9:41:26 PDT"]
[Termination "XDPS won on time"]

1. d4 Nf6 2. Bf4 e6 3. e3 d5 4.
Nf3 Bd6 5. Bg3 c5 6. c3 Qc7 7. Nbd2 Nbd7 8. Rc1 O-O 9. dxc5 Nxc5 10. c4 Bxg3 11.
hxg3 Qb6 12. Qc2 Nce4 13. Bd3 h6 14. c5 Qa5 15. a3 Bd7 16. O-O Nxd2 17. Nxd2 Rac8 18.
Qc3 Qa4 19. b4 Bb5 20. Bxb5 Qxb5 21. Qb3 a5 22. Nf3 axb4 23. axb4 Ne4 24. Nd4 Qd7 25. Qb2 Rb8 26. Rfd1 Rfc8 27. Nf3 Nf6 28. Nd4 Ne4 29. Qe2 Qe7 30. Nb5 Qg5 31. Qf3 Ra8 32.
Qf4 Qe7 33. f3 Nf6 34. g4 Ne8 35. Rd2 Ra4 36. Rdc2 Rca8 37. Rb2 Ra2 38. Rxa2 Rxa2 39. Nc3 Ra3 40. Ne2 Ra8 41. Qd4 Qf6 42. Qxf6 Nxf6 43.
b5 Rc8 44. Kf2 Kf8 45. Nd4 Ke7 46. Nb3 Nd7 47. f4 f6 48. Kg3 e5 49. Kf3 Ke6 50. g3 Ke7 51. e4 dxe4+ 52. Kxe4 exf4 53. gxf4 Kf7 54. Kd5 Rd8 55. Ke4 Re8+ 56. Kf3 Rd8 57. Rc3 Rc8 58. Ke4 Nf8 59. Kd5 Rd8+ 60. Kc4 Ne6 61.
f5 Ng5 62. c6 bxc6 63. bxc6 Ne4 64. Re3 Nd6+ 65. Kc5 Ne8 66. Nd4 Ra8 67. Nb5 Ra1 68.
Kb6 Rc1 69. c7 g6 70. fxg6+ Kxg6 71. Rxe8 h5 72. gxh5+ Kxh5 73. c8=Q Rxc8 74. Rxc8 Kg4 75. Nd4 f5 76. Rf8 f4 77. Kc5 Kg3 78. Kd5 f3 79.
Rxf3+ Kg2 80. Rf8 Kh2 81. Ke4 Kg2 82. Ne6 Kh2 83. Rg8 1-0

[Event "*** SCC Grand Prix: Titled Tuesday Blitz"]
[Site "Chess.com"]
[Date "2020.06.09"]
[Round "4"]
[White "Anaj14"]
[Black "Treacherous_horse64"]
[Result "1/2-1/2"]
[WhiteElo "2294"]
[BlackElo "2440"]
[TimeControl "180+1"]
[EndTime "9:41:26 PDT"]
[Termination "Game drawn by stalemate"]

1. g3 Nf6 2. Bg2 e6 3. Nf3 b5 4. O-O Bb7 5. a4 b4 6. a5 c5 7. d4 d5 8. dxc5 Na6 9. c3 bxc3 10. Qa4+ Qd7 11. Nxc3 Nxc5 12. Qxd7+ Ncxd7 13. a6 Bc6 14. Nd4 Rc8 15. Be3 Bc5 16. Ncb5 O-O 17. Rfc1 Bxb5 18. Nxb5 Bxe3 19. fxe3 Rb8 20. Nxa7 Rxb2 21. Bf3 Ne5 22. Nc6 Nfd7 23. a7 Ra8 24. Nxe5 Nxe5 25. Rcb1 Rxa7 26. Rxa7 Rxb1+ 27. Kf2 g6 28. e4 dxe4 29. Bxe4 Rb4 30.
Bg2 Kg7 31. h3 Rb2 32. Be4 Kf6 33. Ke3 Rb3+ 34. Bd3 Nc4+ 35. Kf3 Nd6 36. Rd7 Nf5 37. g4 Nh4+ 38. Kg3 g5 39. Kh2 h6 40. Ra7 Rb2 41. Kg3 Ng6 42. Bxg6 Kxg6 43. e3 Rb3 44.
Kf3 Rb4 45. Ra6 Kf6 46. Rc6 Rb5 47. Ra6 Rd5 48. Rb6 Ke5 49. Ra6 Rd1 50. Ra5+ Kf6 51. Ra6 Rf1+ 52. Kg2 Re1 53. Kf2 Rc1 54. Kf3 Kg6 55.
Ra7 e5 56. Ra6+ f6 57. Ra8 Rc3 58. Ke4 Rc7 59. Rg8+ Rg7 60. Rxg7+ Kxg7 61. Kf5 Kf7 62. e4 Kg7 63. Ke6 Kg6 64. Ke7 Kg7 65. Ke8 h5 66. Ke7 hxg4 67. hxg4 Kg6 68. Ke6 Kg7 69. Ke7 Kg6 70. Ke6 Kg7 71. Kf5 Kf7 1/2-1/2

[Event "*** SCC Grand Prix: Titled Tuesday Blitz"]
[Site "Chess.com"]
[Date "2020.06.09"]
[Round "4"]
[White "YaWaleriy"]
[Black "MuhittinBuker"]
[Result "1/2-1/2"]
[WhiteElo "2225"]
[BlackElo "1897"]
[TimeControl "180+1"]
[EndTime "9:41:35 PDT"]
[Termination "Game drawn by repetition"]

1. d4 Nf6 2. c4 e6 3. Nf3 b6 4.
e3 Bb7 5. Bd3 Bb4+ 6. Nbd2 O-O 7. O-O d6 8. b3 e5 9. d5 Re8 10.
e4 a5 11. Bb2 Bxd2 12. Nxd2 Nbd7 13. Re1 Nc5 14. Bc2 Bc8 15. Nf1 Bg4 16. f3 Bh5 17. a3 Bg6 18. b4 axb4 19. axb4 Ncd7 20. Qd2 Nh5 21. g3 h6 22. Rxa8 Qxa8 23. Ra1 Qb7 24.
Ba4 Nhf6 25. Bc6 Qc8 26. Ra8 Qxa8 27. Bxa8 Rxa8 28. Ne3 Bh5 29. Kg2 g5 30. g4 Bg6 31. Qc3 h5 32. h3 hxg4 33. hxg4 Kg7 34. Qb3 Nf8 35. Bc1 N6h7 36. c5 bxc5 37. bxc5 Nd7 38. cxd6 cxd6 39. Ba3 Ra6 40. Nc4 Nhf6 41. Bxd6 Nxe4 42. fxe4 Bxe4+ 43. Kg3 Bxd5 44. Qb5 Bxc4 45. Qxc4 Rxd6 46. Kf3 Rd4 47. Qb5 f6 48. Qc6 Kf7 49.
Qa6 Ke7 50. Qa2 Rf4+ 51. Kg3 e4 52. Qg8 Ne5 53. Qg7+ Ke6 54. Qa7 Rxg4+ 55. Kf2 Rf4+ 56. Ke3 Nc4+ 57. Ke2 Nd6 58. Qa5 f5 59. Qa2+ Kf6 60.
Qb2+ Ke6 61. Qg7 Rg4 62. Qg6+ Kd5 63. Qg8+ Ke5 64. Qg7+ Kd5 65. Qg8+ Kc5 66. Qg7 Rg2+ 67. Kf1 Rg4 68. Qe5+ Kc6 69. Qc3+ Kd7 70. Qg7+ Ke6 71. Qg6+ Ke5 72. Qg7+ Kf4 73. Qc7 Ke5 74. Qe7+ Kd5 75.
Qf6 e3 76. Qg6 Rf4+ 77. Ke2 Ne4 78. Qf7+ Kd4 79. Qd7+ Ke5 80. Qe7+ Kd4 81. Qd7+ Ke5 82. Qe7+ Kd4 83. Qd7+ 1/2-1/2

[Event "*** SCC Grand Prix: Titled Tuesday Blitz"]
[Site "Chess.com"]
[Date "2020.06.09"]
[Round "4"]
[White "mishanick"]
[Black "gmmoranda"]
[Result "0-1"]
[WhiteElo "2937"]
[BlackElo "2796"]
[TimeControl "180+1"]
[EndTime "9:41:40 PDT"]
[Termination "gmmoranda won by resignation"]

1. d4 Nf6 2. c4 e6 3. Nf3 d5 4.
Nc3 c6 5. Bg5 Nbd7 6. cxd5 exd5 7.
e3 Qa5 8. Bd3 Ne4 9. Qc2 Nxg5 10.
Nxg5 h6 11. Nf3 Bd6 12. O-O O-O 13. a3 Qd8 14. b4 a6 15. Rab1 Re8 16. h3 Nf6 17. a4 Qe7 18. b5 axb5 19. axb5 c5 20. dxc5 Bxc5 21. Rfd1 Be6 22. Ne2 Rec8 23. Qb2 Ne4 24. Ra1 Rxa1 25. Rxa1 Bd7 26. Nfd4 Qe5 27. Rc1 Ra8 28. Qc2 Bd6 29. Nf3 Qe8 30. Qb3 Nc5 31.
Qxd5 Nxd3 32. Qxd3 Bxb5 33. Qxd6 Bxe2 34. Nd4 Ba6 35.
Rc7 Rd8 36. Qc5 Qf8 37. Qf5 Re8 38. g4 Re7 39. Rc8 Re8 40. Rc7 Re7 41. Rc1 Re8 42. Qd5 Qe7 43. Nf5 Qe6 44. Qxe6 fxe6 45. Nd6 Rd8 46.
Ne4 Bb5 47. Rb1 Bc6 48. Nc5 Re8 49. Rb6 Bd5 50. e4 Bc6 51. f3 Re7 52. Kf2 e5 53. Ke3 Kf7 54. h4 Kf6 55. h5 Kg5 56. Rb4 Rf7 57. Rb2 Kh4 58. Nd3 Re7 59. Rh2+ Kg5 60. Rc2 Bb5 61. Nb4 Kh4 62. Rc5 Ba4 63. Nd3 Kg3 64.
Rxe5 Rf7 65. Rf5 Rxf5 66. gxf5 Be8 67. Nf4 b5 68. e5 b4 69. Ne2+ Kh4 70. Nd4 Kxh5 71.
Kf4 Ba4 72. e6 b3 73. Ne2 b2 74. Nc3 Bb3 75. Ke5 Kg5 76. f4+ Kg4 77. Nb1 h5 78. Nd2 Ba2 79. e7 Bf7 80. f6 g6 81. Kd6 h4 82. Kd7 h3 83. e8=Q Bxe8+ 84. Kxe8 h2 85. f7 h1=Q 86. f8=Q Qa8+ 87. Kf7 Qxf8+ 88. Kxf8 Kxf4 89.
Ke7 g5 90. Kd6 g4 91. Kd5 g3 92. Kd4 g2 93. Kc3 g1=Q 94. Kxb2 Qd4+ 95. Kc2 0-1

[Event "*** SCC Grand Prix: Titled Tuesday Blitz"]
[Site "Chess.com"]
[Date "2020.06.09"]
[Round "4"]
[White "carlesdc96"]
[Black "Salem-AR"]
[Result "1/2-1/2"]
[WhiteElo "2735"]
[BlackElo "2969"]
[TimeControl "180+1"]
[EndTime "9:41:46 PDT"]
[Termination "Game drawn by repetition"]

1. e4 c5 2. Nf3 Nc6 3. d4 cxd4 4. Nxd4 Nf6 5. Nc3 e5 6. Ndb5 d6 7. Bg5 a6 8. Na3 b5 9. Nd5 Be7 10. Bxf6 Bxf6 11. c4 b4 12. Nc2 O-O 13. g3 a5 14.
Bg2 g6 15. O-O Bg7 16. Qd3 Nb8 17. Rad1 Nd7 18. a3 Nc5 19. Qe3 b3 20. Ne1 Ba6 21.
Rc1 Rc8 22. Nd3 Ne6 23. Rfd1 Rxc4 24. Qb6 Qxb6 25. Nxb6 Rc2 26. Bf1 Nd4 27. Ne1 Rxc1 28.
Rxc1 Bb7 29. f3 Nc2 30. Nxc2 Bh6 31. f4 bxc2 32. Nd5 exf4 33. Rxc2 fxg3 34. hxg3 Bxd5 35. exd5 Rb8 36. Bc4 Be3+ 37. Kg2 a4 38. Ba6 Kg7 39. Bc8 Bd4 40. Bd7 Bxb2 41. Bxa4 Bxa3 42. Rc7 Bc5 43.
Kf3 Rb4 44. Be8 Rb8 45. Bc6 h5 46. Rb7 Rc8 47. Rb5 Rd8 48. Rb3 f5 49. Rb1 Kf6 50. Rb7 Kg5 51. Rf7 Rb8 52. Rb7 Rf8 53. Rg7 f4 54.
gxf4+ Rxf4+ 55. Kg2 Re4 56. Bd7 Re5 57. Be6 Re2+ 58. Kf3 Re3+ 59. Kg2 Kh6 60. Rf7 h4 61. Rf8 Kh5 62. Rh8+ Kg5 63. Rf8 Rg3+ 64. Kh2 Bd4 65. Rf1 Kh5 66. Rf7 Be5 67. Rh7+ Kg5 68. Kh1 Kf4 69.
Rxh4+ Kf3 70. Rh3 Kf2 71. Rxg3 Bxg3 72. Bh3 g5 73. Bg4 Be5 74. Bh3 Kf3 75. Kg1 g4 76. Bg2+ Ke2 77. Bh1 Ke3 78. Kg2 Bf4 79. Kf1 Kd3 80. Bg2 Kd2 81. Bh1 Ke3 82. Bg2 Kd4 83. Bh1 Be5 84. Bg2 Ke3 85. Bh1 Kf4 86.
Bg2 g3 87. Bh1 Ke3 88. Bg2 Kd4 89. Bh1 Kd3 90. Bg2 Ke3 91. Bh1 Kd4 92. Bg2 Kc5 93.
Bh1 Kd4 94. Bg2 Kc5 95. Bh1 Kd4 1/2-1/2

[Event "*** SCC Grand Prix: Titled Tuesday Blitz"]
[Site "Chess.com"]
[Date "2020.06.09"]
[Round "4"]
[White "Natalya_Buksa"]
[Black "amiralfio"]
[Result "1-0"]
[WhiteElo "2566"]
[BlackElo "2375"]
[TimeControl "180+1"]
[EndTime "9:42:22 PDT"]
[Termination "Natalya_Buksa won by checkmate"]

1. d4 Nf6 2. Nc3 g6 3. e4 d6 4. Bg5 Bg7 5. e5 Ng8 6. exd6 cxd6 7. Nf3 h6 8. Bf4 Nc6 9. Bb5 a6 10. Ba4 b5 11. Bb3 Nf6 12. Qd2 Na5 13. O-O Bb7 14. d5 Rc8 15. a3 Nc4 16. Bxc4 Rxc4 17. Rfe1 Kf8 18. Be3 Rxc3 19. bxc3 Nxd5 20. Bd4 e5 21. Ba7 Bf6 22. a4 Kg7 23. axb5 axb5 24. Rab1 Qa5 25. c4 Qxa7 26. cxd5 Qc5 27. Qd3 b4 28. Nd2 Rc8 29.
Ne4 Qxd5 30. Qxd5 Bxd5 31. Nxf6 Kxf6 32. Re2 Rc4 33. f3 Ke6 34. Kf2 h5 35. Rd2 Rc5 36.
Rxb4 h4 37. g3 hxg3+ 38. hxg3 Bc6 39. Rb6 d5 40. Rb3 Kd6 41. Rb6 Kc7 42. Rb3 d4 43. Ke2 Bb5+ 44. Kf2 Bc4 45. Ra3 Kc6 46. Rd1 Be6 47.
c3 dxc3 48. Rc1 c2 49. Ke3 g5 50. Kd2 Bf5 51. g4 Bg6 52. Rc3 Rxc3 53. Kxc3 Kd5 54.
Kd2 Ke6 55. Re1 Kd5 56. Re3 Kd4 57. Ra3 Kc4 58. Ra4+ Kd5 59. Ra7 Kd4 60. Ra4+ Kd5 61. Ra5+ Ke6 62. Ra6+ Ke7 63. Ra7+ Kf8 64. Ra5 Kg7 65.
Rxe5 Kf6 66. Ra5 Bh7 67. Rb5 Bg6 68. Rc5 Bh7 69. Ke3 Bg6 70. f4 gxf4+ 71. Kxf4 Ke6 72.
Rc3 Kd5 73. Ke3 Ke5 74. Rc5+ Kd6 75. Kd4 Ke6 76. Rc3 Kf6 77. Rc5 Ke6 78. Ke3 Kf6 79.
Kd2 Ke6 80. Ra5 Kf6 81. Rc5 Ke6 82. Ra5 Kd6 83. g5 Ke6 84. Rb5 Ke7 85. Rc5 Kf8 86. Ke3 Kg7 87. Kf4 Kg8 88. Rc8+ Kg7 89. Ke5 Bd3 90. Rc6 Bg6 91. Rc7 Bd3 92. Rc3 Kg8 93.
Kf6 Bg6 94. Rc8+ Kh7 95. Rc4 Kg8 96. Rc3 Kf8 97. Rc8# 1-0

[Event "*** SCC Grand Prix: Titled Tuesday Blitz"]
[Site "Chess.com"]
[Date "2020.06.09"]
[Round "4"]
[White "StephenDedalus83"]
[Black "fm24601"]
[Result "1-0"]
[WhiteElo "2747"]
[BlackElo "2539"]
[TimeControl "180+1"]
[EndTime "9:43:19 PDT"]
[Termination "StephenDedalus83 won on time"]

1. e4 e5 2. Nf3 Nc6 3. Bb5 a6 4. Ba4 Nf6 5. O-O Be7 6. Re1 b5 7. Bb3 d6 8. c3 O-O 9. h3 Na5 10.
Bc2 c5 11. d4 Qc7 12. Nbd2 Nc6 13. d5 Nd8 14. a4 Rb8 15. axb5 axb5 16. b4 Ne8 17. Nf1 g6 18. g4 f6 19. Ng3 Nf7 20.
Be3 Ng7 21. Kh2 Bd7 22. Qe2 Qc8 23. Bd3 Bd8 24. Ra3 c4 25. Bc2 Bb6 26. Bxb6 Rxb6 27. Rea1 Qc7 28. Nd2 Rbb8 29. Qe3 Bc8 30. Ra7 Rb7 31.
Ra8 Bd7 32. R8a6 Rfb8 33. Ne2 Qc8 34. f4 Ne8 35. f5 g5 36. Ng3 Nc7 37. R6a5 Ne8 38.
Nf3 h6 39. h4 Qc7 40. Nh5 Qb6 41. Qd2 Qd8 42. Kg2 Kf8 43. Bd1 Qb6 44. Bc2 Qd8 45. Ra6 Nc7 46. R6a2 Ne8 47. hxg5 hxg5 48. Qf2 Qb6 49. Qe1 Nh6 50. Kg3 Qd8 51. Qh1 Nf7 52.
Kf2 Qb6+ 53. Ke2 Rc8 54. Qh3 Rbb8 55. Ra6 Qd8 56. Ng3 Ra8 57. Rxa8 Rxa8 58. Rh1 Ra2 59. Kd2 Qa8 60. Ne1 Ra1 61. Qh7 Qa3 62. Ne2 Qa7 63. Qh2 Ke7 64. Qg3 Nc7 65. Rh7 Qa3 66. Qh2 Be8 67. Qf2 Qa7 68. Qg3 Qb6 69. Qh2 Qa7 70.
Rg7 Qb6 71. Rg8 Qb8 72. Qh7 Qc8 73. Qg7 Qd7 74. Qf8+ Kd8 75. Rg6 Qe7 76. Qg7 Kd7 77. Rxf6 Ra8 78. Re6 Nxe6 79. dxe6+ Kc6 80. exf7 Qxf7 81.
Qxf7 Bxf7 82. Nf3 Rh8 83. Nxg5 Be8 84. Ne6 Rh2 85. g5 Bh5 86. Bd1 Kd7 87. g6 Ke7 88. Nc7 Bf3 89. Nxb5 Bxe4 90. f6+ Kxf6 91. Nxd6 Bxg6 92.
Nxc4 Ke6 93. Ne3 Rh8 94. Bb3+ Kd6 95. Ng3 Rd8 96. Nd5 Kc6 97. c4 Bf7 98. Ke3 Rg8 99. Ne4 Rh8 100. b5+ Kb7 101. Kd2 Rh2+ 102. Kc3 Rh4 103. Nd6+ Kb8 104. Nxf7 e4 105. Kd4 Rh3 106. Bc2 Rf3 107. Ne5 Rf2 108. Bxe4 Rd2+ 109. Nd3 Rh2 110. c5 Rh5 111. b6 Rh6 112. N5b4 Rh8 113. Na6+ Kc8 114. b7+ Kd7 115. b8=Q 1-0

[Event "*** SCC Grand Prix: Titled Tuesday Blitz"]
[Site "Chess.com"]
[Date "2020.06.09"]
[Round "5"]
[White "Grandmaster2B"]
[Black "gross-aleks"]
[Result "1-0"]
[WhiteElo "2442"]
[BlackElo "2583"]
[TimeControl "180+1"]
[EndTime "9:50:49 PDT"]
[Termination "Grandmaster2B won by resignation"]

1. e4 e5 2. Nf3 Nc6 3. Bb5 Nf6 4. O-O Nxe4 5. Re1 Nd6 6. Nxe5 Nxe5 7. Rxe5+ Be7 8.
Bf1 O-O 9. d4 Bf6 10. Re1 Nf5 11. c3 d5 12. Bd3 Nd6 13. Bf4 c6 14. Nd2 Re8 15. Bxd6 Rxe1+ 16. Qxe1 Qxd6 17. Qe8+ Qf8 18. Bxh7+ 1-0

[Event "*** SCC Grand Prix: Titled Tuesday Blitz"]
[Site "Chess.com"]
[Date "2020.06.09"]
[Round "5"]
[White "MarceloPlaya"]
[Black "Oligan22"]
[Result "0-1"]
[WhiteElo "2236"]
[BlackElo "2405"]
[TimeControl "180+1"]
[EndTime "9:51:33 PDT"]
[Termination "Oligan22 won by checkmate"]

1. e4 c6 2. d4 d5 3. e5 Bf5 4. g4 Be4 5. f3 Bg6 6. h4 h5 7. e6 Qd6 8. exf7+ Bxf7 9. Ne2 Nd7 10.
Bf4 e5 11. dxe5 Nxe5 12. Nd2 O-O-O 13. g5 Ne7 14. c3 Nd3# 0-1

[Event "*** SCC Grand Prix: Titled Tuesday Blitz"]
[Site "Chess.com"]
[Date "2020.06.09"]
[Round "5"]
[White "BogdanBelyakov89"]
[Black "Raja3401"]
[Result "1-0"]
[WhiteElo "2639"]
[BlackElo "2806"]
[TimeControl "180+1"]
[EndTime "9:52:17 PDT"]
[Termination "BogdanBelyakov89 won by resignation"]

1. e4 c5 2. c3 Nf6 3. e5 Nd5 4. Nf3 Nc6 5. d4 cxd4 6. cxd4 d6 7. Bc4 dxe5 8. dxe5 Ndb4 9. Qb3 e6 10. O-O Na5 11.
Qa4+ Bd7 12. Bb5 Bxb5 13. Qxb5+ Nac6 14. Nc3 a6 15. Qc4 Qd3 16. Qg4 h5 17. Qg3 Qf5 1-0

[Event "*** SCC Grand Prix: Titled Tuesday Blitz"]
[Site "Chess.com"]
[Date "2020.06.09"]
[Round "5"]
[White "monstertube"]
[Black "chenxiaoyuer"]
[Result "0-1"]
[WhiteElo "2179"]
[BlackElo "2378"]
[TimeControl "180+1"]
[EndTime "9:52:33 PDT"]
[Termination "chenxiaoyuer won by resignation"]

1. d4 Nf6 2. Nf3 g6 3. c4 Bg7 4.
Nc3 O-O 5. e4 d6 6. Be2 e5 7. d5 a5 8. Bg5 h6 9. Bh4 Na6 10. b3 Bd7 11. a3 Nc5 12. Rb1 g5 13. b4 axb4 14. axb4 Ncxe4 15. Nxe4 Nxe4 16. Bg3 Nc3 17. Qc2 Nxb1 18. Qxb1 f5 19. h4 g4 20. Nd2 f4 21.
Bh2 Bf5 22. Bd3 Bxd3 23. Qxd3 Ra1+ 24. Nb1 e4 25. Qc2 e3 26. O-O exf2+ 27. Kh1 g3 0-1

[Event "*** SCC Grand Prix: Titled Tuesday Blitz"]
[Site "Chess.com"]
[Date "2020.06.09"]
[Round "5"]
[White "NewBornNow"]
[Black "aa175"]
[Result "1-0"]
[WhiteElo "2710"]
[BlackElo "2393"]
[TimeControl "180+1"]
[EndTime "9:52:34 PDT"]
[Termination "NewBornNow won by resignation"]

1. e4 c5 2. Nf3 d6 3. d4 cxd4 4. Nxd4 Nf6 5. Nc3 a6 6. Be3 e6 7.
Be2 b5 8. Bf3 e5 9. Nf5 g6 10.
Nh6 Nc6 11. Nd5 Bg7 12. Bb6 Qd7 13. Nc7+ Kf8 14. Nxa8 Qb7 15. Qxd6+ Ne7 16. Nc7 Bxh6 17. Qxf6 Bg7 18. Qd6 f5 19. Bc5 1-0

[Event "*** SCC Grand Prix: Titled Tuesday Blitz"]
[Site "Chess.com"]
[Date "2020.06.09"]
[Round "5"]
[White "killer311"]
[Black "Chuchofrio1"]
[Result "1-0"]
[WhiteElo "2384"]
[BlackElo "2202"]
[TimeControl "180+1"]
[EndTime "9:52:50 PDT"]
[Termination "killer311 won by checkmate"]

1. d4 d5 2. c4 e6 3. e3 Nf6 4. Nf3 b6 5. Nc3 Bb7 6. cxd5 exd5 7. Bd3 Bd6 8. O-O O-O 9. Qc2 a6 10. e4 dxe4 11. Nxe4 Nc6 12. Nxf6+ Qxf6 13. Bxh7+ Kh8 14. Be4 Rae8 15. Bg5 Qe6 16. Rfe1 Qg4 17. Bxc6 Bxc6 18. Qxc6 Rxe1+ 19. Rxe1 f6 20. Bh4 Bb4 21. Re4 Qg6 22. Bg3 Rd8 23. Rh4+ Kg8 24. Qe6+ Kf8 25. Rh8# 1-0

[Event "*** SCC Grand Prix: Titled Tuesday Blitz"]
[Site "Chess.com"]
[Date "2020.06.09"]
[Round "5"]
[White "fridaywins"]
[Black "lelajavakhishvili"]
[Result "0-1"]
[WhiteElo "2213"]
[BlackElo "2444"]
[TimeControl "180+1"]
[EndTime "9:52:55 PDT"]
[Termination "lelajavakhishvili won by resignation"]

1. e4 d6 2. d4 Nf6 3. Nc3 g6 4. Bg5 Nbd7 5. f4 h6 6. Bh4 c6 7. Nf3 b5 8. e5 b4 9. exf6 bxc3 10.
bxc3 Nxf6 11. Bd3 Bg7 12. O-O O-O 13. Qe2 e6 14. c4 Qa5 15. Be1 Qc7 16. c5 dxc5 17.
dxc5 Nd5 18. Ne5 Nxf4 19. Rxf4 Qxe5 0-1

[Event "*** SCC Grand Prix: Titled Tuesday Blitz"]
[Site "Chess.com"]
[Date "2020.06.09"]
[Round "5"]
[White "Maghalashvili"]
[Black "Pomegranate988"]
[Result "1-0"]
[WhiteElo "2769"]
[BlackElo "2571"]
[TimeControl "180+1"]
[EndTime "9:53:01 PDT"]
[Termination "Maghalashvili won by resignation"]

1. Nf3 g6 2. d4 Bg7 3. g3 c5 4. d5 d6 5. Bg2 Nf6 6. Nc3 O-O 7. O-O Na6 8. h3 Nc7 9. a4 a6 10. e4 Rb8 11. e5 Nfe8 12. Re1 b5 13. axb5 axb5 14.
exd6 exd6 15. Bg5 Bf6 16. Qd2 b4 17. Ne4 Bxb2 18. Bxd8 1-0

[Event "*** SCC Grand Prix: Titled Tuesday Blitz"]
[Site "Chess.com"]
[Date "2020.06.09"]
[Round "5"]
[White "PavelShkapenko"]
[Black "MartinCerveny"]
[Result "1-0"]
[WhiteElo "2680"]
[BlackElo "2507"]
[TimeControl "180+1"]
[EndTime "9:53:08 PDT"]
[Termination "PavelShkapenko won by checkmate"]

1. e4 c5 2. c3 g6 3. d4 cxd4 4. cxd4 d5 5. Nc3 dxe4 6. Bc4 Nc6 7. Qb3 e6 8. d5 Na5 9. dxe6 Nxb3 10. exf7+ Kd7 11.
fxg8=Q Rxg8 12. axb3 Rg7 13. Nge2 Ke8 14. O-O a6 15.
Ng3 Bf5 16. Ngxe4 Rd7 17. Re1 Bxe4 18. Nxe4 Bg7 19. Nf6+ Kf8 20. Nxh7# 1-0

[Event "*** SCC Grand Prix: Titled Tuesday Blitz"]
[Site "Chess.com"]
[Date "2020.06.09"]
[Round "5"]
[White "MisiekZielony"]
[Black "ENEASZ"]
[Result "1-0"]
[WhiteElo "2152"]
[BlackElo "2460"]
[TimeControl "180+1"]
[EndTime "9:53:10 PDT"]
[Termination "MisiekZielony won by resignation"]

1. c4 g6 2. Nc3 Bg7 3. g3 f5 4.
Bg2 Nf6 5. d3 O-O 6. e4 e5 7.
Nge2 d6 8. O-O f4 9. gxf4 Nh5 10. f5 gxf5 11. Ng3 Nxg3 12. fxg3 Nc6 13. Qh5 Nd4 14.
Bg5 Qe8 15. Qxe8 Rxe8 16. Nd5 Ne6 17. exf5 Nxg5 18. f6 Bf8 19. Nxc7 Bh3 20. f7+ Nxf7 21. Bxh3 Bh6 22. Nxa8 Rxa8 23. Be6 Rf8 24. Rxf7 Rxf7 25. Rf1 1-0

[Event "*** SCC Grand Prix: Titled Tuesday Blitz"]
[Site "Chess.com"]
[Date "2020.06.09"]
[Round "5"]
[White "SoltaniciR"]
[Black "amiralfio"]
[Result "1-0"]
[WhiteElo "2494"]
[BlackElo "2370"]
[TimeControl "180+1"]
[EndTime "9:53:10 PDT"]
[Termination "SoltaniciR won by resignation"]

1. e4 c5 2. Nf3 e6 3. d4 cxd4 4.
Nxd4 Nf6 5. Nc3 d6 6. Be3 a6 7. f3 b5 8. Qd2 Nbd7 9. g4 h6 10. O-O-O Be7 11. h4 Bb7 12. Bd3 Nc5 13. g5 Nfd7 14.
Kb1 g6 15. h5 Bxg5 16. hxg6 fxg6 17. Bxg5 1-0

[Event "*** SCC Grand Prix: Titled Tuesday Blitz"]
[Site "Chess.com"]
[Date "2020.06.09"]
[Round "5"]
[White "2008king"]
[Black "elohunter1999"]
[Result "0-1"]
[WhiteElo "2185"]
[BlackElo "2482"]
[TimeControl "180+1"]
[EndTime "9:53:11 PDT"]
[Termination "elohunter1999 won by resignation"]

1. e4 d6 2. d4 Nf6 3. Nc3 g6 4. Nf3 Bg7 5. Be3 O-O 6. Qd2 c6 7. O-O-O b5 8. Bd3 Bg4 9. Rde1 Bxf3 10. gxf3 e5 11. dxe5 dxe5 12. Bc5 Re8 13. f4 Nbd7 14. Be3 exf4 15. Bxf4 Nh5 16. Bg3 b4 17. Na4 Qa5 18.
b3 Nb6 19. Bd6 Nxa4 20. Bxb4 Qe5 0-1